 Dungeon Crawl Stone Soup version 0.30-a0-916-g9813417 (webtiles) character file.

Game seed: 1513821571112387817

3550 Illumine the Grave Robber (level 9, -3/66 HPs)
             Began as a Demonspawn Necromancer on Mar 21, 2023.
             Slain by a gnoll
             ... wielding a +0 flail
              (7 damage)
             ... on level 8 of the Dungeon.
             The game lasted 00:23:11 (9688 turns).

Illumine the Grave Robber (Demonspawn Necromancer)  Turns: 9688, Time: 00:23:11

Health: -3/66      AC:  5    Str: 10    XL:     9   Next: 83%
Magic:  2/26       EV: 13    Int: 20    God:
Gold:   819        SH:  0    Dex: 13    Spells: 5/18 levels left

rFire   . . .      SeeInvis .    t - +1 dagger (flame)
rCold   . . .      Faith    .    (no shield)
rNeg    . . .      Spirit   .    a - +0 robe
rPois   .          Reflect  .    (no helmet)
rElec   .          Rampage  .    L - +0 cloak
rCorr   .                        (no gloves)
Will    .....                    (no boots)
Stlth   +++                      (no amulet)
HPRegen 0.31/turn                q - ring of wizardry
MPRegen 0.20/turn                y - ring of magical power

@: about to teleport, animating dead
A: claws 1, thin metallic scales 1, powered by death 1, powered by pain 2
a: no special abilities


You were on level 8 of the Dungeon.
You visited 2 branches of the dungeon, and saw 9 of its levels.

You collected 819 gold pieces.

Inventory:

Hand Weapons
 d - a +0 dagger
 l - a +5 short sword
 s - a +0 dagger
 t - a +1 dagger of flaming (weapon)
 M - a +3 mace of freezing
 N - a +0 short sword of speed
Missiles
 g - 2 boomerangs
Armour
 a - a +0 robe (worn)
 j - the +1 ring mail of Minor Irritation {rF+}
   (You found it on level 3 of the Dungeon)

   rF:        It protects you from fire.
 r - a +0 pair of gloves
 C - a +0 buckler
 L - a +0 cloak (worn)
Jewellery
 m - a ring of see invisible
 q - a ring of wizardry (left claw)
 u - a +5 ring of evasion
 y - a ring of magical power (right claw)
 z - a ring of poison resistance
 J - a ring of wizardry
Wands
 b - a wand of polymorph (17)
 H - a wand of charming (11)
 I - a wand of iceblast (10)
Scrolls
 h - 2 scrolls of immolation
 i - a scroll of identify
 o - 2 scrolls of amnesia
 p - a scroll of enchant weapon {unknown}
 w - 4 scrolls of teleportation
 F - a scroll of noise {unknown}
 G - a scroll of magic mapping {unknown}
Potions
 c - 3 potions of mutation
 f - 3 potions of curing
 k - 2 potions of attraction
 n - 2 potions of haste
 x - a potion of berserk rage {unknown}
 A - 3 potions of flight
 B - a potion of resistance {unknown}
 D - a potion of brilliance {unknown}
 E - a potion of heal wounds {unknown}
 K - a potion of might {unknown}


   Skills:
 + Level 4.4 Fighting
 + Level 3.3 Short Blades
 + Level 4.4 Dodging
 + Level 4.5 Stealth
 + Level 5.4 Spellcasting
 - Level 4.0 Hexes
 - Level 5.6 Necromancy
 - Level 4.0 Ice Magic
 - Level 3.1 Air Magic
 - Level 5.0 Poison Magic


You had 5 spell levels left.
You knew the following spells:

 Your Spells              Type           Power      Damage    Failure   Level
a - Necrotise             Necr           100%       1d9       1%          1
b - Vampiric Draining     Necr           28%        2d8       1%          3
c - Animate Dead          Necr           28%        N/A       4%          4
d - Sting                 Tmut/Pois      60%        1d6       1%          1
e - Poisonous Vapours     Pois/Air       42%        N/A       1%          2
f - Ensorcelled Hibernat  Hex/Ice        42%        N/A       1%          2

Your spell library contained the following spells:

 Spells                   Type           Power      Damage    Failure   Level
 Cigotuvi's Dreadful Rot  Necr/Pois/Air  46%        N/A       1%          2
 Ozocubu's Armour         Ice            21%        N/A       2%          3
 Swiftness                Air            18%        N/A       3%          3
 Mephitic Cloud           Conj/Pois/Air  16%        N/A       4%          3
 Olgreb's Toxic Radiance  Pois           25%        N/A       6%          4
 Passwall                 Tmut/Erth      4%         N/A       7%          2
 Agony                    Necr           28%        N/A       12%         5
 Metabolic Englaciation   Hex/Ice        10%        N/A       24%         5
 Simulacrum               Ice/Necr       12%        N/A       65%         6


Dungeon Overview and Level Annotations

Branches:
Dungeon (8/15)             Temple (1/1) D:5
   Lair: D:8-11

Altars:
Ashenzari
Cheibriados
Dithmenos
Fedhas
Gozag
Hepliaklqana
Makhleb
Nemelex Xobeh
Okawaru
Qazlal
Sif Muna
Trog
Uskayaw
Vehumet
Wu Jian
Lugonu

Shops:
D:4 *

Annotations:
D:4 Grinder
D:7 1 runed translucent door, Crazy Yiuf


Innate Abilities, Weirdness & Mutations

You have sharp fingernails.
You are partially covered in thin metallic scales. (AC +2)
You regenerate a little health from kills.
You sometimes gain power by taking damage.


Message History

Casting: Vampiric Draining (safe; 1% risk of failure)
Confirm with . or Enter, or press ? or * to list all spells.
You don't have enough magic to cast this spell.
You barely miss the gnoll.
The gnoll is severely wounded.
The gnoll closely misses you. The gnoll hits you but does no damage.
The gnoll closely misses you.
Unknown command.
You hit the gnoll but do no damage.
The gnoll is lightly wounded.
Unknown command.
You hit the gnoll but do no damage.
The gnoll is lightly wounded.
The gnoll hits you with a +0 spear.
* * * LOW HITPOINT WARNING * * *
The gnoll misses you. x2
Unknown command.
Casting: Vampiric Draining (safe; 1% risk of failure)
Confirm with . or Enter, or press ? or * to list all spells.
Okay, then.
Okay, then.
As you read the scroll of teleportation, it crumbles to dust.
You feel strangely unstable. The gnoll closely misses you.
The gnoll misses you. The gnoll hits you with a +0 flail.
* * * LOW HITPOINT WARNING * * *
Unknown command.
Casting: Vampiric Draining (safe; 1% risk of failure)
Confirm with . or Enter, or press ? or * to list all spells.
Okay, then.
Casting: Vampiric Draining (safe; 1% risk of failure)
Confirm with . or Enter, or press ? or * to list all spells.
Aiming: Necrotise (safe; 1% risk of failure)
Press: ? - help, Shift-Dir - straight line, f - gnoll
Aim: a gnoll, wielding a +0 spear (severely wounded, chance to affect: 88%)
The gnoll writhes in agony.
You kill the gnoll!
The dead are walking!
The gnoll hits you with a +0 club.
* * * LOW HITPOINT WARNING * * *
The gnoll hits you with a +0 flail!
You die...

#####
#...##
.... ...
#o# ##g#
#@Z# #g##
#)# #.#
#.......#
####.#[..#
.........
#.# ..###
#.# .##


You could see 2 gnolls, an orc and a friendly gnoll zombie.

Vanquished Creatures
  Pikel (D:8)
  Eustachio (D:6)
  A steam dragon (D:7)
  A water moccasin (D:7)
  A black bear (D:6)
  2 orc warriors
  2 ice beasts (D:7)
  3 sky beasts (D:7)
  2 centaurs
  2 phantoms
  3 kobold brigands (D:7)
  3 scorpions
  3 bullfrogs
  2 electric eels (D:6)
  3 hounds
  2 jellies (D:6)
  3 orc priests
  4 sleepcaps
  A gnoll bouda (D:7)
  4 iguanas
  Natasha (D:5)
  Terence (D:3)
  An orc wizard (D:7)
  8 adders
  5 gnolls
  A shadow imp (D:7)
  A white imp (D:6)
  2 ufetubi (D:6)
  5 worms
  6 dart slugs
  15 orcs
  7 ball pythons
  4 bats
  5 endoplasms
  2 giant cockroaches
  9 goblins
  8 hobgoblins
  3 jackals (D:5)
  5 quokkas
  2 frilled lizards
  12 kobolds
  6 rats
153 creatures vanquished.

Vanquished Creatures (collateral kills)
  An ice beast (D:7)
  A centaur (D:7)
  A wight (D:7)
  Natasha (twice) (D:4)
  An adder (D:2)
  A white imp (D:7)
  A dart slug (D:2)
  An orc (D:4)
9 creatures vanquished.

Vanquished Creatures (others)
  A bullfrog zombie (D:7)
  A centaur zombie (D:6)
  2 kobold zombies (D:7)
  A steam dragon zombie (D:7)
  A gnoll zombie (D:8)
  3 orc zombies (D:7)
  A quokka zombie (D:4)
  3 fungi (D:3)
  6 plants (D:5)
19 creatures vanquished.

Grand Total: 181 creatures vanquished

Notes
Turn   | Place    | Note
-------+----------+-------------------------------------------
     0 | D:1      | Illumine the Demonspawn Necromancer began the quest for the
                  | Orb.
     0 | D:1      | Reached XP level 1. HP: 13/13 MP: 3/3
   133 | D:1      | Found a faded altar of an unknown god.
   190 | D:1      | Gained mutation: You are partially covered in thin metallic
                  | scales. (AC +2) [demonic ancestry]
   190 | D:1      | Reached XP level 2. HP: 19/19 MP: 3/5
   817 | D:1      | Reached skill level 5 in Necromancy
   817 | D:1      | Reached XP level 3. HP: 24/24 MP: 5/7
   899 | D:1      | Learned a level 3 spell: Vampiric Draining
  1338 | D:2      | Gained mutation: You sometimes gain a little power by
                  | taking damage. [demonic ancestry]
  1338 | D:2      | Reached XP level 4. HP: 26/30 MP: 4/8
  1437 | D:2      | Learned a level 4 spell: Animate Dead
  1522 | D:1      | Learned a level 1 spell: Sting
  1570 | D:3      | Noticed Terence
  1586 | D:3      | Killed Terence
  1587 | D:3      | Reached skill level 1 in Poison Magic
  1589 | D:3      | Identified the +1 ring mail of Minor Irritation {rF+}
  1695 | D:3      | Gained mutation: You have sharp fingernails. [demonic
                  | ancestry]
  1695 | D:3      | Reached XP level 5. HP: 32/35 MP: 1/10
  1880 | D:3      | Found a bloodstained altar of Trog.
  1959 | D:3      | Noticed a phantom
  2043 | D:4      | Learned a level 2 spell: Poisonous Vapours
  2254 | D:2      | Reached skill level 1 in Air Magic
  2589 | D:3      | Gained mutation: You regenerate a little health from kills.
                  | [demonic ancestry]
  2589 | D:3      | Reached XP level 6. HP: 27/42 MP: 6/11
  2596 | D:3      | Reached skill level 1 in Fighting
  3027 | D:4      | Found a hazy altar of Hepliaklqana.
  3172 | D:4      | Found Boaseih's Neck Hole.
  3353 | D:4      | Noticed Natasha
  3368 | D:4      | Killed Natasha
  3387 | D:4      | Gained mutation: You sometimes gain power by taking damage.
                  | [demonic ancestry]
  3387 | D:4      | Reached XP level 7. HP: 27/48 MP: 3/12
  3586 | D:4      | Found a radiant altar of Vehumet.
  3612 | D:4      | Noticed Natasha
  3631 | D:4      | Killed Natasha
  3636 | D:4      | Noticed Grinder
  3644 | D:4      | Noticed Natasha
  3658 | D:5      | Entered Level 5 of the Dungeon
  3661 | D:5      | Killed Natasha
  3954 | D:5      | Found an ornate altar of the Wu Jian Council.
  4581 | D:5      | Learned a level 2 spell: Ensorcelled Hibernation
  4701 | D:5      | Found a staircase to the Ecumenical Temple.
  4769 | Temple   | Entered the Ecumenical Temple
  5183 | D:6      | Reached XP level 8. HP: 56/56 MP: 14/14
  5421 | D:6      | Reached skill level 1 in Short Blades
  5463 | D:6      | Found a burning altar of Makhleb.
  5464 | D:6      | Noticed a blizzard demon
  5465 | D:6      | Noticed an angel
  5923 | D:6      | Reached skill level 1 in Hexes
  5923 | D:6      | Reached skill level 1 in Ice Magic
  6663 | D:6      | Noticed Eustachio
  6690 | D:6      | Killed Eustachio
  6691 | D:6      | Reached skill level 5 in Poison Magic
  7718 | D:7      | Reached XP level 9. HP: 49/64 MP: 16/16
  7918 | D:7      | Found a runed translucent door.
  7919 | D:7      | Noticed Crazy Yiuf
  7964 | D:7      | Found an iron altar of Okawaru.
  8525 | D:7      | Reached skill level 5 in Spellcasting
  9649 | D:8      | Noticed Pikel
  9664 | D:8      | Killed Pikel
  9688 | D:8      | Slain by a gnoll

Illustrated notes

Levels and vault maps discovered:
D:1:      elethiomel_arrival_infinity_welcomes_careful_drivers, layout_rooms,
          hellmonk_ecumenical_altar_leap_of_faith
D:2:      layout_loops_ring, minmay_small_reverse_x
D:3:      layout_rooms, mainiacjoe_overflow_chevrons, uniq_terence
D:4:      layout_cave_pools, mainiacjoe_overflow_catwalk, lemuel_round_altar,
          grunt_ministairs_7, st_stairs_7, nicolae_shop_sticking_my_neck_out,
          uniq_grinder, uniq_natasha
D:5:      layout_loops_ring, nicolae_elyvilon_temple_path,
          mainiacjoe_overflow_alcove_2, mainiacjoe_overflow_paths,
          minmay_temple_entry_statues_pillars
D:6:      minmay_general_purpose_star, layout_basic,
          grunt_temple_overflow_order_and_chaos_2, kennysheep_small_spiral,
          uniq_eustachio
D:7:      minmay_polygon_palace, layout_loops_corners,
          kennysheep_okawaru_gauntlet, uniq_crazy_yiuf_cottage
D:8:      layout_loops_corners, hangedman_ru_absence,
          gammafunk_temple_of_torment, corexii_leaking_fountain,
          nicolae_grassy_gnolls, uniq_pikel
Temple:   corrupted_temple

Skill      XL: |  1  2  3  4  5  6  7  8  9 |
---------------+----------------------------+-----
Necromancy     | 5 |  5.6
Spellcasting   | 3 4 5 |  5.4
Poison Magic   | 1 2 3 4 5 |  5.0
Dodging        | 2 3 4 |  4.4
Air Magic      | 1 2 3 |  3.1
Fighting       | 1 2 3 4 |  4.4
Stealth        | 2 3 4 |  4.5
Short Blades   | 2 3 |  3.3
Hexes          | 2 4 |  4.0
Ice Magic      | 2 4 |  4.0

Action                     |  1- 3 |  4- 6 |  7- 9 || total
---------------------------+-------+-------+-------++-------
  Melee: Unarmed           |     1 |       |       ||     1
         Dagger            |    11 |     7 |   194 ||   212
         Short sword       |       |    54 |    29 ||    83
         Punch             |       |     3 |     7 ||    10
   Cast: Necrotise         |    52 |    50 |    29 ||   131
         Sting             |       |    53 |    21 ||    74
         Poisonous Vapours |       |     9 |    75 ||    84
         Vampiric Draining |       |       |    56 ||    56
         Animate Dead      |       |       |     7 ||     7
         Ensorcelled Hiber |       |       |     4 ||     4
    Use: Potion            |       |     1 |     1 ||     2
         Scroll            |       |       |    11 ||    11
   Stab: Sleeping          |     1 |     2 |     4 ||     7
         Distracted        |       |       |     2 ||     2
         Invisible         |       |       |     2 ||     2
 Armour: Robe              |     6 |    34 |   100 ||   140
  Dodge: Dodged            |    36 |    63 |   234 ||   333

Table legend: (Time is in decaauts)
 A = Elapsed time spent in this place.
 B = Non-inter-level travel time spent in this place.
 C = Inter-level travel time spent in this place.
 D = Time resting spent in this place.
 E = Time spent auto-exploring this place.
 F = Levels seen in this place.
 G = Mean time per level.
                   A        B        C        D        E       F      G
               +--------+--------+--------+--------+--------+-----+--------+
         Total |   9668 |   9396 |    272 |   2557 |   5045 |   9 | 1074.2 |
       Dungeon |   9621 |   9361 |    260 |   2557 |   5020 |   8 | 1202.6 |
        Temple |     47 |     35 |     12 |      0 |     25 |   1 |   47.0 |
               +--------+--------+--------+--------+--------+-----+--------+

Top non-repeatable levels by time:
     D:7: 2834 daAuts
     D:6: 1878 daAuts
     D:5: 1217 daAuts
     D:1: 1108 daAuts
     D:3: 868 daAuts
     D:4: 857 daAuts
     D:2: 821 daAuts
  Temple: 47 daAuts
     D:8: 35 daAuts
